 Dungeon Crawl Stone Soup version 0.31-a0-1308-ga3cce3a448 (webtiles) character file.

Game seed: 8004083479084479880

42 AlmostDecent the Shooter (level 3, -3/22 HPs)
             Began as a Gargoyle Hunter on Dec 20, 2023.
             Slain by Sigmund
             ... wielding a +0 scythe
              (10 damage)
             ... on level 2 of the Dungeon.
             The game lasted 00:04:29 (1222 turns).

AlmostDecent the Shooter (Gargoyle Hunter)          Turns: 1222, Time: 00:04:30

Health: -3/22      AC:  7    Str: 14    XL:     3   Next: 54%
Magic:  3/3        EV: 11    Int:  9    God:
Gold:   70         SH:  0    Dex: 15    Spells: 2/2 levels left

rFire   . . .        a - +0 shortbow
rCold   . . .        (shield currently unavailable)
rNeg    + . .        c - +0 leather armour
rPois   ∞            (no helmet)
rElec   +            o - +0 cloak
rCorr   .            (no gloves)
SInv    .            (no boots)
Will    .....        (no amulet)
Stlth   ++           (no ring)
HPRegen 0.23/turn    (no ring)
MPRegen 0.08/turn

%: no passive effects
@: no status effects
A: sickness immunity, AC +3, negative energy resistance 1, electricity
resistance, torment resistance 1, petrification resistance
a: no special abilities


You were on level 2 of the Dungeon.
You visited 1 branch of the dungeon, and saw 2 of its levels.

You collected 70 gold pieces.

Inventory:

Hand Weapons
 a - a +0 shortbow (weapon)
 p - a +0 falchion
Armour
 c - a +0 leather armour (worn)
 o - a +0 cloak (worn)
Jewellery
 n - a ring of ice
Talismans
 i - a blade talisman
Scrolls
 b - a scroll of butterflies
 d - a scroll of noise {unknown}
 e - 2 scrolls of teleportation {unknown}
 f - a scroll of enchant weapon {unknown}
 g - 3 scrolls of identify {unknown}
 h - a scroll of enchant armour {unknown}
 l - a scroll of torment {unknown}
 r - a scroll of immolation {unknown}
Potions
 j - a potion of invisibility {unknown}
 k - a potion of lignification {unknown}
 m - a potion of degeneration {unknown}
 q - a potion of might {unknown}


   Skills:
 + Level 2.4 Fighting
 + Level 5.1 Ranged Weapons
 + Level 0.1 Armour
 + Level 1.5 Dodging
 + Level 1.1 Stealth


You had 2 spell levels left.
You didn't know any spells.
Your spell library contained the following spells:

 Spells                   Type           Power      Damage    Failure   Level
 Ozocubu's Armour         Ice            0%         N/A       83%         3
 Tukima's Dance           Hex            0%         N/A       83%         3
 Olgreb's Toxic Radiance  Pois           0%         N/A       99%         4
 Passage of Golubria      Tloc           0%         N/A       99%         4
 Yara's Violent Unravell  Hex/Tmut       0%         3d3       100%        5
 Ozocubu's Refrigeration  Ice            0%         4d7       100%        7
 Discord                  Hex            0%         N/A       100%        8
 Ignition                 Fire           0%         3d3       100%        8


Dungeon Overview and Level Annotations

Branches:
Dungeon (2/15)

Altars:

Annotations:
D:1 1 transporter
D:2 Sigmund


Innate Abilities, Weirdness & Mutations

You are immune to sickness and miasma.
Your stone body is resilient. (AC +3)
You are immune to poison.
You resist negative energy. (rN+)
You are resistant to electric shocks. (rElec)
You are resistant to unholy torment.
You are immune to petrification.


Message History

You shoot an arrow. The arrow hits the endoplasm.
The endoplasm is heavily wounded.
You shoot an arrow. The arrow hits the endoplasm.
You kill the endoplasm!
No target in view!
No target in view!
No target in view!
No target in view!
An adder comes into view.
The adder hisses angrily.
An adder is nearby!
You shoot an arrow. The arrow completely misses the adder.
You shoot an arrow. The arrow barely misses the adder.
You hear a shout!
Sigmund the Dreaded comes into view.
He is wielding a +0 scythe.
You shoot an arrow. The arrow hits Sigmund!
Sigmund is moderately wounded.
You shoot an arrow. The arrow closely misses the adder.
Sigmund screams, "Don't try to resist!"
Sigmund gestures at you while chanting. You resist with significant effort.
The adder barely misses you. Sigmund hits you but does no damage.
You shoot an arrow. The arrow closely misses the adder.
The adder bites you but does no damage. The adder bites you.
You shoot an arrow. The arrow hits the adder.
The adder is moderately wounded.
Sigmund mumbles some strange words.
Sigmund flickers and vanishes!
Deactivating autopickup; reactivate with Ctrl-A.
The adder bites you but does no damage. Something hits you.
You shoot an arrow. The arrow hits the adder.
The adder is heavily wounded.
The adder closely misses you. The adder bites you but does no damage.
You shoot an arrow. The arrow barely misses the adder.
The adder bites you but does no damage. Something hits you!
You are too injured to fight recklessly!
The adder attacks as it pursues you! The adder bites you but does no damage.
The adder completely misses you. Something hits you!
You die...

....... ../....
###.......
#>#.......
#......... ♣♣.
#......... ♣♣...
#......... ....
#S.##.#.## ##..#
#@.# #....###..#
######...##.#.###.#
#.................#
#...........#.#####
#...........#.#
#...........#.#
#...........#.#
#...........#.#


You could see an adder.

Vanquished Creatures
  6 ball pythons
  2 bats (D:1)
  3 endoplasms (D:2)
  A giant cockroach (D:1)
  4 goblins (D:1)
  2 hobgoblins
  2 quokkas
  4 frilled lizards
  9 kobolds
  5 rats
38 creatures vanquished.

Notes
Turn   | Place    | Note
-------+----------+-------------------------------------------
     0 | D:1      | AlmostDecent the Gargoyle Hunter began the quest for the
                  | Orb.
     0 | D:1      | Reached XP level 1. HP: 12/12 MP: 1/1
     2 | D:1      | You fall into a shaft and drop 1 floor!
   160 | D:1      | Reached XP level 2. HP: 17/17 MP: 2/2
   566 | D:1      | Reached XP level 3. HP: 16/21 MP: 3/3
   799 | D:1      | Reached skill level 5 in Ranged Weapons
  1152 | D:2      | Found a faded altar of an unknown god.
  1214 | D:2      | Noticed Sigmund
  1222 | D:2      | Slain by Sigmund

Illustrated notes

Levels and vault maps discovered:
D:1:      spicycebolla_arrival_risky_transporter, layout_basic,
          lexackson_kobold_supper
D:2:      layout_basic, serial_bayou, serial_bayou_ford_a, serial_bayou_pond_e,
          serial_bayou_pond_a, serial_bayou_shore_a, serial_bayou_shore_b,
          dilly_ecumenical_altar_fadedgnrine, uniq_sigmund, uniq_jessica,
          uniq_crazy_yiuf_cottage

Skill      XL: |  1  2  3 |
---------------+----------+-----
Ranged Weapons | 5 |  5.1
Fighting       | |  2.4
Armour         | |  0.1
Dodging        | |  1.5
Stealth        | |  1.1

Action                     || total
---------------------------++-------
   Fire: Shortbow          ||   106
 Armour: Leather armour    ||    26
  Dodge: Dodged            ||    18

Table legend: (Time is in decaauts)
 A = Elapsed time spent in this place.
 B = Non-inter-level travel time spent in this place.
 C = Inter-level travel time spent in this place.
 D = Time resting spent in this place.
 E = Time spent auto-exploring this place.
 F = Levels seen in this place.
 G = Mean time per level.
                   A        B        C        D        E       F      G
               +--------+--------+--------+--------+--------+-----+--------+
         Total |   1258 |   1215 |     43 |      0 |    958 |   2 |  629.0 |
       Dungeon |   1258 |   1215 |     43 |      0 |    958 |   2 |  629.0 |
               +--------+--------+--------+--------+--------+-----+--------+

Top non-repeatable levels by time:
     D:1: 893 daAuts
     D:2: 365 daAuts
